 Dungeon Crawl Stone Soup version 0.19.1-1-g22dce08 (webtiles) character file.

6136 Alarkh the Carver (level 10, -2/73 HPs)
             Began as a Vampire Skald on Jan 2, 2017.
             Was an Elder of Okawaru.
             Slain by a thrashing horror (17 damage)
             ... on level 2 of the Abyss.
             The game lasted 00:18:35 (8137 turns).

Alarkh the Carver (Vampire Skald)                   Turns: 8137, Time: 00:18:36

Health: -2/73      AC:  0    Str: 11    XL:     10   Next: 59%
Magic:  17/19      EV: 24    Int: 17    God:    Okawaru [****..]
Gold:   394        SH:  0    Dex: 20    Spells: 2 memorised, 15 levels left

rFire  . . .     SeeInvis +     (weapon currently unavailable)
rCold  . . .     Gourm    .     (armour currently unavailable)
rNeg   + . .     Faith    .     (shield currently unavailable)
rPois  .         Spirit   .     (helmet currently unavailable)
rElec  .         Reflect  .     (cloak currently unavailable)
rCorr  .         Harm     .     (gloves currently unavailable)
MR     +....                    (boots currently unavailable)
Stlth  ++++......               I - amulet of regeneration
                                (ring currently unavailable)
                                (ring currently unavailable)

@: bat-form, flying, very quick
A: fangs 3, see invisible, (unbreathing)
a: End Transformation, Heroism, Renounce Religion


You were on level 2 of the Abyss.
You worshipped Okawaru.
Okawaru was greatly pleased with you.
You were not thirsty.
You were in vampire-bat-form.
You visited 1 branch of the dungeon, and saw 10 of its levels.
You visited the Abyss 1 time.

You collected 493 gold pieces.
You spent 99 gold pieces at shops.

Inventory:

Hand Weapons
 a - a +0 falchion
 A - a +2 scimitar (melded)
Armour
 b - a +0 leather armour
 u - a +0 pair of gloves
 w - a +0 cloak (melded)
 x - a +2 pair of gloves (melded)
 D - the +1 scale mail of Gimyg {+Fly}
   (You found it on level 5 of the Dungeon)

   It lets you fly.
 G - the +2 scale mail "Udiot" {Int+3}
   (You found it on level 6 of the Dungeon)

   It affects your intelligence (+3).
 J - a +1 robe
 N - a +0 leather armour of fire resistance (melded)
Jewellery
 n - an uncursed ring of wizardry
 v - an uncursed ring of magical power
 C - a +3 ring of intelligence (melded)
 H - an uncursed amulet of rage
 I - an amulet of regeneration (around neck)
 M - an uncursed amulet of harm
 P - a ring of resist corrosion (melded)
Wands
 R - a wand of polymorph (15/24)
Scrolls
 e - a scroll of identify
 f - 2 scrolls of amnesia
 h - 2 scrolls of teleportation
 k - 2 scrolls of remove curse
 l - a scroll of blinking {unknown}
 m - a scroll of noise
 q - 3 scrolls of recharging
 t - 2 scrolls of immolation
 y - a scroll of random uselessness {unknown}
 E - a scroll of fog {unknown}
 F - a scroll of torment {unknown}
 K - a scroll of enchant weapon {unknown}
 L - a scroll of enchant armour {unknown}
 O - 2 scrolls of magic mapping
 Q - a scroll of silence {unknown}
Potions
 d - 35 potions of blood
 g - 2 potions of curing
 i - a potion of ambrosia
 j - a potion of might
 o - a potion of brilliance
 p - 2 potions of berserk rage {unknown}
 r - a potion of invisibility {unknown}
 s - a potion of resistance {unknown}
 z - a potion of lignification {unknown}
 B - a potion of agility {unknown}
Books
 c - a book of Battle

   Spells                             Type                      Level
   a - Infusion                       Charms                       1
   b - Shroud of Golubria             Charms/Translocation         2
   c - Song of Slaying                Charms                       2
   d - Spectral Weapon                Hexes/Charms                 3
   e - Regeneration                   Charms/Necromancy            3


   Skills:
 + Level 4.4 Fighting
 * Level 11.6 Long Blades
 + Level 3.9 Armour
 + Level 5.0 Dodging
 + Level 6.0 Spellcasting
 - Level 6.0 Charms


You had 15 spell levels left.
You knew the following spells:

 Your Spells              Type           Power        Failure   Level  Hunger
a - Spectral Weapon       Hex/Chrm       ###.....     12%         3    ##.....
e - Regeneration          Chrm/Necr      ###.......   12%         3    ##.....


Dungeon Overview and Level Annotations

Branches:
Dungeon (10/15)            Temple (0/1) D:6             Orc (0/2) D:9
   Lair: D:8-11

Altars:
Dithmenos
Gozag
Hepliaklqana
Kikubaaqudgha
Nemelex Xobeh
Okawaru
Uskayaw
Yredelemnul

Shops:
D:4 [   D:6 *   D:8 (

Annotations:
D:10 Sonja


Innate Abilities, Weirdness & Mutations

You have razor-sharp teeth.
You have supernaturally acute eyesight. (SInv)
((You can survive without breathing.))


Message History

The thrashing horror roars!
The blink frog blinks!
The thrashing horror tramples you!
You stumble backwards!
The thrashing horror roars!
You hear a loud, deep croak!
The thrashing horror tramples you.
You stumble backwards!
You turn into a vampire bat.
Your +2 scimitar melds into your body.
Your +0 cloak melds into your body.
Your +2 pair of gloves melds into your body.
Your +0 leather armour of fire resistance melds into your body.
Your ring of resist corrosion melds into your body.
Your +3 ring of intelligence melds into your body.
You feel less resistant to fire.
You feel stupid. The thrashing horror misses you.
The thrashing horror tramples you!
You are shoved backwards!
The blink frog blinks!
The thrashing horror tramples you!
* * * LOW HITPOINT WARNING * * *
You are shoved backwards!
The blink frog blinks!
The thrashing horror tramples you!
You die...

## ..... #### . . ....#
#... . ### .. .... .#.#
$... ... ... ... .##.5
## ..#.. .. .....F.#
...#... .## . .#
.......#..#..# ###
############b...#
§...5...F§.....X#.....#
##..#########.##.#.#..#
##..# ... ..#.# ...
##..# .....#.## # #
##.... .......###
#.............
#..#.......#.# ##..#
........#


You could see a thrashing horror.

Vanquished Creatures
  The ghost of Exporg the Basher, a novice MiBe of Trog (D:6)
  An ice statue (D:9)
  A tormentor (Abyss:2)
  2 hornets (D:9)
  3 hippogriffs
  Sigmund (D:5)
  A vampire (D:8)
  3 yaks (D:9)
  Edmund (D:5)
  A soldier ant (D:8)
  Duvessa (D:7)
  2 black bears
  3 sky beasts
  2 ice beasts (D:7)
  2 ogres
  2 phantoms
  3 centaurs
  A crocodile (D:9)
  A big kobold (D:9)
  A bullfrog (D:7)
  Dowan (D:7)
  A water moccasin skeleton (D:5)
  A scorpion (D:6)
  4 wights (D:5)
  A howler monkey (D:6)
  3 crimson imps
  A bullfrog zombie (D:7)
  2 jellies (D:8)
  7 orc priests
  Crazy Yiuf (D:4)
  A centaur skeleton (D:3)
  4 hounds
  8 orc wizards
  2 iguanas
  8 worker ants
  A hound skeleton (D:8)
  A worker ant zombie (D:5)
  7 gnolls
  A howler monkey skeleton (D:7)
  11 adders
  2 shadow imps
  7 worms
  2 dart slugs
  7 leopard geckos
  37 orcs
  5 ball pythons
  6 bats
  2 bat zombies (D:5)
  6 giant cockroaches
  6 hobgoblins
  13 jackals
  8 kobolds
  5 quokkas
  4 frilled lizards
  6 goblins
  A quokka skeleton (D:5)
  10 rats
  4 rat zombies (D:5)
  A spectral orc (D:5)
  A spectral weapon (D:5)
232 creatures vanquished.

Vanquished Creatures (others)
  A leopard gecko (D:3)
  5 spectral weapons
6 creatures vanquished.

Grand Total: 238 creatures vanquished

Notes
Turn   | Place    | Note
-------+----------+-------------------------------------------
     0 | D:1      | Alarkh the Vampire Skald began the quest for the Orb.
     0 | D:1      | Reached XP level 1. HP: 16/16 MP: 3/3
   205 | D:1      | Reached XP level 2. HP: 22/22 MP: 5/5
   387 | D:1      | Reached skill level 3 in Long Blades
   542 | D:1      | Reached XP level 3. HP: 17/27 MP: 6/6
  1336 | D:1      | Learned a level 3 spell: Regeneration
  1405 | D:2      | Reached skill level 4 in Long Blades
  1591 | D:2      | Reached XP level 4. HP: 31/33 MP: 2/7
  1643 | D:2      | Learned a level 3 spell: Spectral Weapon
  1672 | D:2      | Found an opulent altar of Gozag.
  1753 | D:3      | Found an iron altar of Okawaru.
  1762 | D:3      | Became a worshipper of Warmaster Okawaru
  1832 | D:3      | Found a sparkling altar of Nemelex Xobeh.
  1940 | D:3      | Reached skill level 5 in Long Blades
  2013 | D:3      | Reached XP level 5. HP: 22/38 MP: 1/8
  2688 | D:4      | Found a runed door.
  2689 | D:4      | Noticed Crazy Yiuf
  2696 | D:4      | Killed Crazy Yiuf
  2696 | D:4      | Reached skill level 6 in Long Blades
  2839 | D:4      | Found a hide-covered altar of Uskayaw.
  2885 | D:4      | Found Sucrapta's Armour Boutique.
  2991 | D:4      | Reached XP level 6. HP: 28/44 MP: 9/9
  3352 | D:5      | Entered Level 5 of the Dungeon
  3420 | D:5      | Reached skill level 7 in Long Blades
  3434 | D:5      | Reached * piety under Okawaru
  3434 | D:5      | Reached XP level 7. HP: 26/49 MP: 10/10
  3491 | D:5      | Found an opulent altar of Gozag.
  3575 | D:5      | Reached skill level 8 in Long Blades
  3736 | D:5      | Found an ancient bone altar of Kikubaaqudgha.
  3888 | D:5      | Noticed Edmund
  3909 | D:5      | Killed Edmund
  3924 | D:5      | Noticed Sigmund
  3947 | D:5      | Killed Sigmund
  3947 | D:5      | Reached ** piety under Okawaru
  3947 | D:5      | Reached skill level 9 in Long Blades
  3947 | D:5      | Reached XP level 8. HP: 34/55 MP: 9/12
  4126 | D:5      | Found a basalt altar of Yredelemnul.
  4319 | D:5      | Got a twisted scale mail
  4330 | D:5      | Identified the +1 scale mail of Gimyg {+Fly} (You found it on level 5 of the Dungeon)
  4498 | D:6      | Noticed Exporg's ghost (novice MiBe)
  4584 | D:6      | Killed Exporg's ghost
  4584 | D:6      | Reached skill level 5 in Charms
  4600 | D:6      | Found a staircase to the Ecumenical Temple.
  4647 | D:6      | Found Acsoi's General Store.
  4773 | D:6      | Got a scorched scale mail
  4784 | D:6      | Identified the +2 scale mail "Udiot" {Int+3} (You found it on level 6 of the Dungeon)
  5075 | D:7      | Reached XP level 9. HP: 30/61 MP: 13/15
  5163 | D:7      | Noticed Dowan
  5218 | D:7      | Reached skill level 1 in Armour
  5443 | D:7      | Reached skill level 10 in Long Blades
  5463 | D:7      | Reached *** piety under Okawaru
  5577 | D:7      | Noticed Duvessa
  5583 | D:7      | Killed Duvessa
  5586 | D:7      | Killed Dowan
  5862 | D:8      | Reached skill level 5 in Spellcasting
  6023 | D:4      | Bought a +0 leather armour of fire resistance for 99 gold pieces
  6298 | D:8      | Found Kowolene's Weapon Shoppe.
  6466 | D:8      | Found an iron altar of Okawaru.
  6466 | D:8      | Found a shadowy altar of Dithmenos.
  6721 | D:9      | Noticed an ice statue
  6769 | D:9      | Reached **** piety under Okawaru
  6802 | D:9      | Found a staircase to the Orcish Mines.
  7122 | D:9      | Received a gift from Okawaru
  7160 | D:9      | Reached XP level 10. HP: 34/70 MP: 18/18
  7170 | D:9      | Reached skill level 11 in Long Blades
  7250 | D:9      | Found a hazy altar of Hepliaklqana.
  7832 | D:9      | Killed an ice statue
  7891 | D:10     | Entered Level 10 of the Dungeon
  7937 | D:10     | Noticed Sonja
  8020 | D:10     | Cast into level 2 of the Abyss (Sonja)
  8126 | Abyss:2  | Noticed a thrashing horror
  8126 | Abyss:2  | Reached skill level 5 in Dodging
  8137 | Abyss:2  | Slain by a thrashing horror

Skill      XL: |  1  2  3  4  5  6  7  8  9 10 |
---------------+-------------------------------+-----
Long Blades    | 3 4 5 6 7 9 10 11 | 11.6
Charms         | 4 6 |  6.0
Spellcasting   | 4 5 6 |  6.0
Fighting       | 3 4 |  4.4
Armour         | 3 |  3.9
Dodging        | 3 5 |  5.0

Action                   |  1- 3 |  4- 6 |  7- 9 | 10-12 || total
-------------------------+-------+-------+-------+-------++-------
Melee: Falchion          |    99 |   147 |       |       ||   246
       Bite              |     9 |    21 |    25 |    18 ||    73
       Scimitar          |       |       |   337 |    93 ||   430
 Cast: Infusion          |     7 |     1 |       |       ||     8
       Regeneration      |     2 |     9 |    29 |     9 ||    49
       Spectral Weapon   |       |    18 |    40 |    13 ||    71
Invok: Heroism           |       |       |     4 |     2 ||     6
 Abil: Bat Form          |       |       |     3 |     1 ||     4
       End Transformatio |       |       |     3 |       ||     3
  Use: Potion            |     2 |     5 |    16 |     7 ||    30
       Scroll            |     1 |     2 |     7 |     3 ||    13
 Stab: Sleeping          |     1 |     6 |     5 |     1 ||    13
       Distracted        |       |     1 |     4 |     1 ||     6
Armor: Leather armour    |    24 |    53 |    87 |    22 ||   186
       Robe              |       |       |     7 |       ||     7
Dodge: Dodged            |    62 |    86 |   201 |    69 ||   418
       Rpst.: Falchion   |    22 |    33 |       |       ||    55
       Scimitar          |       |       |    58 |    22 ||    80
